 Dungeon Crawl Stone Soup version 0.31.0-1-g2c135a008e (webtiles) character file.

Game seed: 1210538955520326218

175266 Kenran the Slayer (level 17, 0/259 HPs)
             Began as a Minotaur Fighter on Jan 20, 2024.
             Was the Champion of Okawaru.
             Succumbed to a redback's poison
             ... on level 4 of the Spider Nest.
             The game lasted 01:07:05 (29351 turns).

Kenran the Slayer (Minotaur Fighter)               Turns: 29351, Time: 01:07:06

Health: 0/259      AC: 33    Str: 22 (25) XL:     17   Next: 47%
Magic:  1/32       EV: 14    Int:  3 (5)  God:    Okawaru [******]
Gold:   1713       SH: 10    Dex:  8 (13) Spells: 16/16 levels left

rFire   . . .        a - +8 autumn katana {manifold assault}
rCold   + + +        U - +0 kite shield
rNeg    . . .        P - +5 plate armour {Will+}
rPois   +            (helmet restricted)
rElec   +            A - +2 cloak
rCorr   .            T - +0 pair of gloves
SInv    .            g - +3 pair of mountain boots {steadfast, rC+}
Will    ++...        J - amulet of Inymug {rElec Regen+} Stlth
                     e - ring "Winnoz" {rPois rC++ MP+9 Str+2 Dex-3}
HPRegen 1.43/turn    Q - +5 ring of evasion
MPRegen 0.23/turn

%: no passive effects
@: berserking, lethally poisoned (0 -> -19), hasted, very quick
A: horns 2, retaliatory headbutt
a: Renounce Religion, Heroism, Finesse, Duel


You were on level 4 of the Spider Nest.
You worshipped Okawaru.
Okawaru was exalted by your worship.
You visited 5 branches of the dungeon, and saw 29 of its levels.
You also visited: Bailey.

You collected 3112 gold pieces.
You spent 1399 gold pieces at shops.

Inventory:

Hand Weapons
 a - the +8 autumn katana (weapon) {manifold assault}
   (You acquired it on level 5 of the Lair of Beasts)
 b - the +6 demon blade of Lust {flame, *Noise rElec rCorr Stlth+}
   (You acquired it on level 1 of the Lair of Beasts)

   rElec:     It insulates you from electricity.
   *Noise:    It may make a loud noise when swung.
   rCorr:     It protects you from acid and corrosion.
   Stlth+:    It makes you more stealthy.
 c - the +10 zealot's sword {holy, Zealotry, *Rage rN+ EV+3}
   (Okawaru gifted it to you on level 4 of the Lair of Beasts)

   Zealotry:  Whenever the wielder enters a berserk rage, their allies are
   berserked alongside them.
   EV+3:      It affects your evasion (+3).
   rN+:       It protects you from negative energy.
   *Rage:     It berserks you when you make melee attacks (+20% chance).
Missiles
 O - a throwing net (quivered)
Armour
 g - the +3 pair of mountain boots (worn) {steadfast, rC+}
   (You acquired it on level 1 of the Lair of Beasts)

   Steadfast: It prevents involuntary movement, except for blinking,
   teleportation, or banishment.
   rC+:       It protects you from cold.
 A - a +2 cloak (worn)
 P - a +5 plate armour of willpower (worn)
 T - a +0 pair of gloves (worn)
 U - a +0 kite shield (worn)
Jewellery
 e - the ring "Winnoz" (left hand) {rPois rC++ MP+9 Str+2 Dex-3}
   (You acquired it on level 5 of the Lair of Beasts)

   [ring of poison resistance]

   Str+2:     It affects your strength (+2).
   Dex-3:     It affects your dexterity (-3).
   rC++:      It greatly protects you from cold.
   rPois:     It protects you from poison MP+9: It affects your magic capacity
   (+9).
 f - a +6 ring of strength
 t - a ring of fire
 u - a ring of ice
 w - a ring of flight
 J - the amulet of Inymug (around neck) {rElec Regen+}
   (You acquired it on level 5 of the Lair of Beasts)

   [amulet of regeneration]

   rElec:     It insulates you from electricity.
   Regen+:    It increases your rate of health regeneration.
 Q - a +5 ring of evasion (right hand)
 S - a +5 ring of evasion
Wands
 y - a wand of mindburst (42)
 D - a wand of roots (10)
 E - a wand of light (16)
 L - a wand of digging (30)
 M - a wand of polymorph (6)
 N - a wand of flame (30)
Scrolls
 k - 4 scrolls of immolation {!r}
 r - 3 scrolls of vulnerability {!r}
 s - a scroll of enchant weapon
 v - 4 scrolls of revelation
 F - 6 scrolls of fog
 H - 2 scrolls of brand weapon
 I - 3 scrolls of poison {unknown}
 K - 3 scrolls of fear {unknown}
 V - a scroll of silence
 W - a scroll of blinking
Potions
 d - 6 potions of might
 h - 3 potions of enlightenment
 i - 3 potions of haste
 j - 3 potions of resistance
 l - 5 potions of curing {@q1}
 m - 3 potions of magic
 n - 5 potions of brilliance
 o - 3 potions of mutation {!q}
 q - 2 potions of heal wounds {@q2}
 x - 5 potions of cancellation
 z - 2 potions of attraction {!q}
 C - 4 potions of lignification {!q}
 G - a potion of ambrosia
 R - a potion of invisibility
Miscellaneous
 B - a phial of floods


   Skills:
 + Level 21.1 Fighting
 - Level 15.0 Long Blades
 + Level 17.5 Armour
 - Level 12.0 Dodging
 - Level 10.0 Shields
 - Level 10.0 Invocations
 - Level 10.0 Evocations


You had 16 spell levels left.
You didn't know any spells.
Your spell library contained the following spells:

 Spells                   Type           Power      Damage    Failure   Level
 Apportation              Tloc           0%         N/A       100%        1
 Foxfire                  Conj/Fire      0%         2x1d4     100%        1
 Shock                    Conj/Air       0%         1d3       100%        1
 Slow                     Hex            0%         N/A       100%        1
 Jinxbite                 Hex            0%         N/A       100%        2
 Lesser Beckoning         Tloc           0%         N/A       100%        2
 Mercury Vapours          Alch/Air       0%         N/A       100%        2
 Static Discharge         Conj/Air       0%         3-3/arc   100%        2
 Dazzling Flash           Conj/Hex       0%         N/A       100%        3
 Gell's Gravitas          Tloc           0%         N/A       100%        3
 Hailstorm                Conj/Ice       0%         3d5       100%        3
 Mephitic Cloud           Conj/Alch/Air  0%         N/A       100%        3
 Stone Arrow              Conj/Erth      0%         3d7       100%        3
 Swiftness                Air            0%         N/A       100%        3
 Teleport Other           Tloc           0%         N/A       100%        3
 Vampiric Draining        Necr           0%         2d6       100%        3
 Volatile Blastmotes      Fire/Tloc      0%         2d10      100%        3
 Airstrike                Air            0%         2d(0-16)  100%        4
 Fulminant Prism          Conj/Alch      0%         3d5       100%        4
 Iskenderun's Mystic Bla  Conj/Tloc      0%         2d3       100%        4
 Passage of Golubria      Tloc           0%         N/A       100%        4
 Alistair's Intoxication  Alch           0%         N/A       100%        5
 Curse of Agony           Necr           0%         N/A       100%        5
 Freezing Cloud           Conj/Ice/Air   0%         6-21      100%        5
 Yara's Violent Unravell  Hex/Alch       0%         3d3       100%        5
 Plasma Beam              Fire/Air       0%         2x1d10    100%        6
 Starburst                Conj/Fire      0%         6d3       100%        6
 Lehudib's Crystal Spear  Conj/Erth      0%         10d2      100%        8
 Summon Ice Beast         Ice/Summ       Unusable   N/A       N/A         3
 Tukima's Dance           Hex            Unusable   N/A       N/A         3
 Animate Armour           Summ/Erth      Unusable   N/A       N/A         4
 Summon Lightning Spire   Summ/Air       Unusable   N/A       N/A         4
 Sculpt Simulacrum        Ice/Alch       Unusable   N/A       N/A         6
 Infestation              Necr           Unusable   N/A       N/A         8

Dungeon Overview and Level Annotations

Branches:
Dungeon (15/15)            Temple (1/1) D:6            Lair (5/5) D:8
  Swamp (4/4) Lair:3       Spider (4/4) Lair:2        Slime (0/5) Lair:5
    Orc (0/2) D:11         Vaults (0/5) D:13         Depths (0/4) D:15
 Bailey (visited)

Altars:
Ashenzari
Cheibriados
Dithmenos
Elyvilon
Fedhas
Gozag
Hepliaklqana
Kikubaaqudgha
Makhleb
Nemelex Xobeh
Okawaru
Qazlal
Ru
Sif Muna
Trog
Uskayaw
Vehumet
Wu Jian
Xom
Yredelemnul
Zin
The Shining One

Shops:
D:1 [   D:2 [   D:4 [   D:5 ?   D:12 !?:   D:14 [

Portals:
Abyss: Swamp:2

Annotations:
D:12 exclusion: downstairs
Temple 4 transporters
Swamp:1 Roxanne
Swamp:2 2 transporters, Jacimip's ghost, journeyman HaHu
Swamp:4 Lernaean hydra
Spider:2 exclusion: downstairs


Innate Abilities, Weirdness & Mutations

You have a pair of horns on your head.
You reflexively headbutt those who attack you in melee.


Message History

You miss something. Your headbutt misses something.
You block the redback's attack.
The redback bites you but does no damage.
You feel you are being watched by something.
Something hits you!
* * * LOW HITPOINT WARNING * * *
Something hits you but does no damage.
Something stings you but does no damage.
You barely miss something. The redback bites you!
* * * LOW HITPOINT WARNING * * *
You are lethally poisoned!
The redback poisons you! You block the redback's attack.
You slash something!
* * * LOW HITPOINT WARNING * * *
You feel very sick. Something hits you but does no damage.
You block something's attack.
Something stings you but does no damage.
You are too berserk!
You slash something! Okawaru accepts your kill.
Reactivating autopickup.
You feel a bit more experienced.
* * * LOW HITPOINT WARNING * * *
You feel very sick. The redback completely misses you. You furiously retaliate!
You headbutt the redback!
You kill the redback!
Okawaru accepts your kill. The redback closely misses you.
* * * LOW HITPOINT WARNING * * *
You feel very sick.
You see here a redback corpse.
You slash the redback!
You slice through the folds of space itself!
You slice the orb spider!!
You kill the orb spider!
Okawaru accepts your kill.
You kill the redback!
Okawaru accepts your kill.
You die... ≣≣≣≣≣

≣≣ ≣≣≣~..≣
≣≣≣~~≣≣≣≣≣≣≣✳..✳~≣≣≣≣≣
≣...~~~≣~.✳.~..✳✳~~.~≣≣≣
≣..~††@..~≣≣~.≣≣....~~≣
≣≣.≣≣~.†~≣≣≣✳~≣≣~~≣~..~
≣~..~≣≣ ≣~✳.≣≣≣≣≣...
≣~..~≣ ≣≣..≣ ≣~.. ≣~.~≣≣


≣++≣ ≣≣~. ≣...≣≣ ≣≣≣ ≣~.~≣ ≣ ≣~.~ ≣≣ There were no monsters in sight!

Vanquished Creatures
  Rupert (D:13)
  Donald (Spider:1)
  2 fenstrider witches
  Aizul (Swamp:3)
  3 emperor scorpions
  4 ghost moths
  A stone giant (D:15)
  3 broodmothers
  4 eleionomae
  Snorg (D:10)
  2 bunyips
  Josephine (D:14)
  2 entropy weavers
  14 hydras
  2 vault guards (Bailey)
  4 alligators
  3 ghost crabs
  An ogre mage (D:15)
  A jorogumo (Spider:3)
  2 boulder beetles
  5 centaur warriors
  10 death yaks
  3 radroaches
  2 death knights
  4 tengu warriors
  5 two-headed ogres
  10 demonic crawlers
  A spriggan berserker (Swamp:3)
  Sonja (Lair:3)
  Nergalle (D:11)
  A skeletal warrior (D:15)
  9 pharaoh ants
  3 goliath frogs
  Lodul (D:10)
  5 spriggan druids
  5 bog bodies
  9 orb spiders
  9 swamp dragons
  5 steelbarb worms
  2 orc knights
  14 wolf spiders
  13 ugly things
  3 cyclopes
  A moth of wrath (Spider:1)
  6 will-o-the-wisps
  2 manticores (D:15)
  6 meliai
  6 black mambas
  3 unseen horrors
  6 cane toads
  5 torpor snails
  A gargoyle (D:11)
  9 komodo dragons
  3 freezing wraiths
  2 kobold demonologists
  A rime drake (Lair:2)
  5 trolls
  6 polar bears (Lair:5)
  Prince Ribbit (Bailey)
  37 tarantellas
  10 hornets
  A raiju (Swamp:2)
  11 tyrant leeches
  16 blink frogs
  3 dream sheep
  21 culicivoras
  24 jumping spiders
  2 wyverns
  24 spriggans
  A shadow (D:11)
  A yak (shapeshifter) (D:15)
  13 wraiths
  41 yaks
  22 humans
  59 redbacks
  2 basilisks
  10 vampire mosquitoes
  19 swamp worms
  9 water moccasins
  9 swamp drakes
  5 orc warriors
  A sky beast (D:7)
  6 black bears
  11 ogres
  21 wolves
  12 boggarts
  14 centaurs
  A phantom (D:6)
  7 kobold brigands
  22 bullfrogs
  2 scorpions (D:8)
  A gnoll sergeant (D:10)
  A burial acolyte (D:5)
  9 wights
  8 killer bees (D:8)
  2 electric eels
  A howler monkey (D:5)
  3 hounds
  A bombardier beetle (D:5)
  3 orc priests
  A sleepcap (D:5)
  Crazy Yiuf (D:5)
  2 jellies
  4 iguanas
  11 orc wizards
  7 gnolls
  6 adders
  3 adder zombies (D:5)
  A dart slug (D:2)
  2 ribbon worms
  56 orcs
  7 ball pythons
  7 endoplasms
  4 giant cockroaches
  5 goblins
  8 hobgoblins
  4 jackals
  7 quokkas
  9 bats
  A frilled lizard (D:3)
  2 jackal zombies (D:5)
  19 kobolds
  5 rats
875 creatures vanquished.

Vanquished Creatures (others)
  A bunyip (Swamp:1)
  An alligator (Swamp:1)
  A hydra (Swamp:3)
  A deep elf pyromancer (D:13)
  A wolf spider (Spider:4)
  2 bloated husks (Swamp:4)
  3 vampire mosquitoes (Swamp:4)
  32 foxfires
42 creatures vanquished.

Grand Total: 917 creatures vanquished

Notes
Turn   | Place    | Note
-------+----------+-------------------------------------------
     0 | D:1      | Kenran the Minotaur Fighter began the quest for the Orb.
     0 | D:1      | Reached XP level 1. HP: 19/19 MP: 0/0
    47 | D:1      | Found Korchoagi's Armour Emporium.
   139 | D:1      | Reached XP level 2. HP: 24/26 MP: 1/1
   385 | D:1      | Got the Spellbook of Captivating Profane Spells
   433 | D:1      | Found a faded altar of an unknown god.
   433 | D:1      | Noticed a sun demon
   843 | D:2      | Reached XP level 3. HP: 31/31 MP: 2/2
  1057 | D:2      | Found Vear's Antique Armour Boutique.
  1155 | D:2      | You fall into a shaft and drop 2 floors!
  1171 | D:3      | Reached skill level 5 in Long Blades
  1350 | D:3      | Reached XP level 4. HP: 39/39 MP: 3/3
  1470 | D:3      | Found a hide-covered altar of Uskayaw.
  2015 | D:2      | Bought a pair of boots for 117 gold pieces
  2804 | D:4      | Found a white marble altar of Elyvilon.
  2808 | D:4      | Reached XP level 5. HP: 45/45 MP: 4/4
  2869 | D:4      | Found Zuwasue's Armour Shop.
  3274 | D:5      | Entered Level 5 of the Dungeon
  3286 | D:5      | Noticed a water moccasin
  3295 | D:5      | Killed a water moccasin
  3296 | D:5      | Reached XP level 6. HP: 52/52 MP: 5/5
  3310 | D:5      | Noticed a yak
  3311 | D:5      | Noticed a yak
  3311 | D:5      | Noticed a yak
  3339 | D:4      | Killed a yak
  3340 | D:4      | Reached skill level 4 in Fighting
  3384 | D:4      | Killed a yak
  3385 | D:4      | Reached XP level 7. HP: 44/60 MP: 6/6
  3442 | D:5      | Noticed a yak
  3459 | D:4      | Killed a yak
  3462 | D:5      | Noticed a yak
  3468 | D:4      | Killed a yak
  3469 | D:4      | Reached skill level 5 in Fighting
  3469 | D:4      | Reached skill level 5 in Armour
  3534 | D:5      | Killed a yak
  3535 | D:5      | Reached XP level 8. HP: 41/69 MP: 7/7
  3612 | D:5      | Reached skill level 10 in Long Blades
  3765 | D:5      | Identified the +0 ring mail of Bugoasch {rPois rC++ Stlth+}
  3824 | D:5      | Found a shadowy altar of Dithmenos.
  3851 | D:5      | Found an opulent altar of Gozag.
  3934 | D:5      | Found a runed translucent door.
  3935 | D:5      | Noticed Crazy Yiuf
  3962 | D:5      | Found Annaik's Magic Scroll Boutique.
  4194 | D:5      | Reached skill level 6 in Fighting
  4195 | D:5      | Found an ancient bone altar of Kikubaaqudgha.
  4275 | D:5      | Killed Crazy Yiuf
  4780 | D:6      | Found a staircase to the Ecumenical Temple.
  4816 | Temple   | Found a transporter.
  4816 | Temple   | Found a transporter.
  4816 | Temple   | Found a transporter.
  4816 | Temple   | Found a transporter.
  4816 | Temple   | Entered the Ecumenical Temple
  5159 | D:7      | Reached skill level 7 in Fighting
  5159 | D:7      | Reached XP level 9. HP: 56/79 MP: 8/8
  5978 | D:7      | Noticed a cyclops
  5988 | D:7      | Killed a cyclops
  5989 | D:7      | Reached skill level 8 in Fighting
  6205 | D:8      | Reached skill level 9 in Fighting
  6283 | D:8      | Noticed a komodo dragon
  6298 | D:8      | Killed a komodo dragon
  6395 | D:8      | Reached skill level 10 in Fighting
  6528 | D:8      | Found a staircase to the Lair.
  6559 | D:8      | Reached XP level 10. HP: 93/93 MP: 9/9
  6743 | D:8      | Found a flagged portal.
  6759 | Bailey   | Entered a bailey
  6814 | Bailey   | Reached skill level 1 in Dodging
  7212 | Bailey   | Noticed a vault guard
  7225 | Bailey   | Killed a vault guard
  7226 | Bailey   | Reached skill level 11 in Fighting
  7269 | Bailey   | Noticed a vault guard
  7269 | Bailey   | Noticed Prince Ribbit
  7286 | Bailey   | Killed a vault guard
  7296 | Bailey   | Killed Prince Ribbit
  7867 | D:9      | Reached skill level 12 in Fighting
  7867 | D:9      | Reached XP level 11. HP: 101/104 MP: 10/10
  7972 | D:9      | Reached skill level 10 in Armour
  7988 | D:9      | Reached skill level 1 in Evocations
  8162 | D:9      | Identified the +3 ring mail of the Black Skies {*Slow
                  | Will+++ Int+6}
  8497 | D:9      | Found an iron altar of Okawaru.
  8514 | D:9      | Became a worshipper of Warmaster Okawaru
  8826 | D:9      | Found a blossoming altar of Fedhas.
  8826 | D:9      | Found a hazy altar of Hepliaklqana.
  8854 | D:10     | Entered Level 10 of the Dungeon
  8904 | D:10     | Noticed Lodul
  9297 | D:10     | Killed Lodul
  9392 | D:10     | Identified the +2 ring mail of the Harvest {Harm rF+ Int+2}
  9420 | D:10     | Reached * piety under Okawaru
  9421 | D:10     | Reached skill level 13 in Fighting
  9687 | D:10     | Noticed Snorg
  9711 | D:10     | Killed Snorg
 10310 | D:9      | Found a snail-covered altar of Cheibriados.
 10471 | D:11     | Noticed a two-headed ogre
 10595 | Lair:1   | Entered Level 1 of the Lair of Beasts
 10643 | Lair:1   | Reached ** piety under Okawaru
 10697 | Lair:1   | Reached skill level 5 in Evocations
 10847 | Lair:1   | Identified 2 scrolls of acquirement
 10849 | Lair:1   | Acquired the +3 pair of mountain boots {steadfast, rC+}
 10849 | Lair:1   | Found the +3 pair of mountain boots {steadfast, rC+}
 10862 | Lair:1   | Acquired the +6 demon blade of Lust {flame, *Noise rElec
                  | rCorr Stlth+}
 10894 | Lair:1   | Reached skill level 14 in Fighting
 10999 | Lair:1   | Reached skill level 1 in Invocations
 11003 | Lair:1   | Reached *** piety under Okawaru
 11176 | Lair:1   | Reached XP level 12. HP: 101/117 MP: 12/12
 11903 | Lair:2   | Found a hole to the Spider Nest.
 12092 | Lair:2   | Reached **** piety under Okawaru
 12226 | Lair:2   | Noticed a seven-headed hydra
 12234 | Lair:2   | Killed a three-headed hydra
 12235 | Lair:2   | Reached skill level 15 in Long Blades
 12498 | Lair:2   | Identified the +1 great sword of the Common Good {flame,
                  | Str+2}
 12524 | Lair:2   | Identified the +0 leather armour of Oteryhak {Fly rF+
                  | Str+4}
 13131 | Lair:3   | Found a staircase to the Swamp.
 13137 | Lair:3   | Reached skill level 5 in Shields
 13144 | Lair:3   | Reached skill level 5 in Dodging
 13161 | Lair:3   | Reached ***** piety under Okawaru
 13426 | Lair:3   | Noticed a four-headed hydra
 13434 | Lair:3   | Killed a one-headed hydra
 13442 | Lair:3   | Noticed Sonja
 13449 | Lair:3   | Killed Sonja
 14421 | Lair:4   | Received a gift from Okawaru
 14640 | Lair:4   | Reached XP level 13. HP: 109/124 MP: 15/15
 15173 | Lair:5   | Entered Level 5 of the Lair of Beasts
 15290 | Lair:5   | Found a staircase to the Slime Pits.
 15432 | Lair:5   | Reached ****** piety under Okawaru
 15451 | Lair:4   | Reached skill level 5 in Invocations
 15550 | Lair:4   | Acquired the +10 zealot's sword {holy, Zealotry, *Rage rN+
                  | EV+3}
 15550 | Lair:4   | Received a gift from Okawaru
 15550 | Lair:4   | Found the +10 zealot's sword {holy, Zealotry, *Rage rN+
                  | EV+3}
 15555 | Lair:4   | Acquired a +1 buckler of cold resistance
 15555 | Lair:4   | Received a gift from Okawaru
 15584 | Lair:4   | Received a gift from Okawaru
 15775 | Lair:5   | Reached skill level 10 in Dodging
 16127 | Lair:5   | Reached skill level 15 in Fighting
 16246 | Lair:5   | Received a gift from Okawaru
 16624 | Lair:5   | Identified the orb "Dyosiw" {*channel, +Inv Dex+2 Stlth+}
 16636 | Lair:5   | Acquired the amulet of Inymug {rElec Regen+}
 16688 | Lair:5   | Acquired the ring "Winnoz" {rPois rC++ MP+9 Str+2 Dex-3}
 16691 | Lair:5   | Acquired the +8 autumn katana {manifold assault}
 16691 | Lair:5   | Found the +8 autumn katana {manifold assault}
 17198 | D:11     | Reached skill level 16 in Fighting
 17466 | D:11     | Noticed Nergalle
 17479 | D:11     | Killed Nergalle
 17489 | D:11     | Found a staircase to the Orcish Mines.
 18271 | D:12     | Received a gift from Okawaru
 18272 | D:12     | Reached XP level 14. HP: 116/137 MP: 18/18
 18330 | D:12     | Found Holadew's Book Shoppe.
 18357 | D:12     | Found Jasoepn's Magic Scroll Emporium.
 18360 | D:12     | Bought a scroll of blinking for 127 gold pieces
 18360 | D:12     | Bought a scroll of fog for 68 gold pieces
 18360 | D:12     | Bought a scroll of identify for 34 gold pieces
 18398 | D:12     | Found a shimmering altar of Xom.
 18586 | D:12     | Found Onloog's Distillery.
 18595 | D:12     | Bought a potion of heal wounds for 65 gold pieces
 18595 | D:12     | Bought a potion of cancellation for 104 gold pieces
 18998 | D:12     | Bought a scroll of acquirement for 884 gold pieces
 19000 | D:12     | Acquired 824 gold pieces
 19028 | D:13     | Noticed Rupert
 19028 | D:13     | Found a gate to the Vaults.
 19753 | D:14     | Received a gift from Okawaru
 19858 | D:14     | Noticed Josephine
 19874 | D:14     | Killed Josephine
 19966 | D:14     | Identified the scarf "Ocegieng" {+Inv, Will+}
 20007 | D:14     | Found Rukaf's Armour Shoppe.
 20424 | D:15     | Entered Level 15 of the Dungeon
 20512 | D:15     | Received a gift from Okawaru
 20539 | D:15     | HP: 4/129 [skeletal warrior/+0 dire flail[a boggart] (12)]
 21016 | D:15     | Found a staircase to the Depths.
 21016 | D:15     | Noticed a stone giant
 21033 | D:15     | Killed a stone giant
 21046 | D:15     | Reached skill level 17 in Fighting
 21429 | D:15     | Reached XP level 15. HP: 127/147 MP: 20/20
 21634 | D:13     | Killed Rupert
 21634 | D:13     | Received a gift from Okawaru
 22343 | Swamp:1  | Entered Level 1 of the Swamp
 22459 | Swamp:1  | Noticed a fenstrider witch
 22520 | Swamp:1  | Killed a fenstrider witch
 22589 | Swamp:1  | Noticed Roxanne
 23087 | Swamp:2  | Found a transporter.
 23156 | Swamp:2  | Noticed a fenstrider witch
 23164 | Swamp:2  | Found a transporter.
 23308 | Swamp:2  | Reached skill level 10 in Shields
 23346 | Swamp:2  | Killed a fenstrider witch
 23346 | Swamp:2  | Received a gift from Okawaru
 23367 | Swamp:2  | Noticed Jacimip's ghost (journeyman HaHu)
 23372 | Swamp:2  | Reached skill level 18 in Fighting
 23374 | Swamp:2  | Found a one-way gate to the infinite horrors of the Abyss.
 23434 | Swamp:2  | Identified the +3 chain mail "Qifydeib" {Str+4}
 23738 | Swamp:2  | Identified the +0 scale mail of the Armoured One {+Inv rF+}
 24146 | Swamp:3  | Received a gift from Okawaru
 24257 | Swamp:3  | Reached skill level 15 in Armour
 24636 | Swamp:4  | Entered Level 4 of the Swamp
 24788 | Swamp:4  | Identified the serpent talisman "Heeg" {rElec}
 24788 | Swamp:4  | Noticed Aizul
 24833 | Swamp:3  | Reached skill level 19 in Fighting
 24835 | Swamp:3  | Killed Aizul
 24991 | Swamp:3  | Received a gift from Okawaru
 25192 | Swamp:4  | Reached XP level 16. HP: 112/160 MP: 21/21
 25435 | Swamp:4  | Noticed the 27-headed Lernaean hydra
 25463 | Swamp:4  | Reached skill level 20 in Fighting
 25661 | Spider:1 | Entered Level 1 of the Spider Nest
 25661 | Spider:1 | Noticed Donald
 25785 | Spider:1 | Killed Donald
 25785 | Spider:1 | Received a gift from Okawaru
 26146 | Arena    | Entered the Arena
 26213 | Spider:1 | Received a gift from Okawaru
 27041 | Spider:2 | Received a gift from Okawaru
 27090 | Spider:2 | Reached skill level 10 in Evocations
 27579 | Spider:3 | Received a gift from Okawaru
 27701 | Spider:3 | Reached XP level 17. HP: 170/170 MP: 23/23
 28361 | Spider:4 | Entered Level 4 of the Spider Nest
 28422 | Spider:4 | Received a gift from Okawaru
 28428 | Spider:4 | Reached skill level 10 in Invocations
 29208 | Spider:4 | Received a gift from Okawaru
 29233 | Spider:4 | Reached skill level 21 in Fighting
 29349 | Spider:4 | HP: 8/259 [poisoned by a redback]
 29350 | Spider:4 | HP: 3/259 [poisoned by a redback]
 29351 | Spider:4 | Succumbed to a redback's poison

Illustrated notes

Levels and vault maps discovered:
D:1:      wander_arrival_chamber, layout_basic, serial_shops, shop,
          dreamdust_ecumenical_altar_sealed_demon
D:2:      layout_loops_corners, serial_shops, nicolae_shop_gibbet_a_chance,
          minmay_circle_x
D:3:      layout_loops_corners, mainiacjoe_overflow_alcove_2
D:4:      layout_rooms, elyvilon_altar_1, serial_shops, shop, fountainhead,
          wad_floor_pattern_2
D:5:      layout_loops_ring, mainiacjoe_overflow_cross_hatched,
          lemuel_zombie_altar_kikubaaqudgha, grunt_dithmenos_smoke,
          serial_shops, nicolae_take_the_stairs, uniq_crazy_yiuf_cottage
D:6:      layout_rooms, minmay_temple_entry_statues
D:7:      layout_gridville, kennysheep_generic_room_13
D:8:      layout_basic, grunt_lair_entry_orc_guard_hut, enter_bailey_1
D:9:      layout_loops_ring, okawaru_altar_gauntlet_db,
          nicolae_overflow_hidden_temple
D:10:     layout_long_grid, uniq_snorg, uniq_lodul
D:11:     layout_layer_cave, david_orc_2, uniq_nergalle
D:12:     layout_irregular_city, serial_column_ruins, column_ruins_grid_3,
          column_ruins_open_tiny, column_ruins_open_tiny, column_ruins_grid_1,
          serial_shops, nicolae_shop_industrial_runoff, shop, shop, tgw_xom
D:13:     layout_cave_pools, david_vaults_3
D:14:     layout_basic, serial_park_square2, nicolae_stop_n_shop_1,
          uniq_josephine
D:15:     grunt_enter_depths_snipers, layout_basic, dreamdust_mushroom_princess
Temple:   hellmonk_temple_divided_pantheon
Lair:1:   layout_misc_corridors, minivault_24, serial_bayou_shore_a
Lair:2:   layout_regular_city, spider_nest_entry_rubble, gauntlet_entry_generic,
          grunt_forest_large_clearing_hut
Lair:3:   layout_loops_ring, minmay_swamp_entry_worms, uniq_sonja
Lair:4:   layout_cellular_growth, infiniplex_staircase_pool_2,
          grunt_megastairs_5
Lair:5:   minmay_lair_end_enchanted_forest, layout_small_grid, slime_entry_1
Swamp:1:  layout_basic_swamp, evilmike_swamp_ruin_house_1, uniq_roxanne
Swamp:2:  layout_basic_swamp, gammafunk_ghost_abyssal_escape,
          evilmike_swamp_ruin_house_5, swamp_pool_1_2
Swamp:3:  layout_basic_swamp, hangedman_swamp_ruin_wall,
          infiniplex_staircase_pool
Swamp:4:  swamp_basic_johnstein, layout_basic_swamp, uniq_aizul
Spider:1: layout_spider_delve, uniq_donald
Spider:2: layout_spider_delve
Spider:3: layout_spider_delve, hangedman_spider_tarantella_strand
Spider:4: spider_rune_water, drop_trap

Skill      XL: |  1  2  3  4  5  6  7  8  9 10 11 12 13 14 15 16 17 |
---------------+----------------------------------------------------+-----
Long Blades    | 3 4 5 6 8 9 12 13 14 15 | 15.0
Fighting       | 4 5 7 10 12 14 16 17 19 20 21 | 21.1
Armour         | 4 5 6 8 10 12 13 15 16 17 | 17.5
Shields        | 4 6 8 10 | 10.0
Dodging        | 4 8 10 11 12 | 12.0
Evocations     | 5 10 | 10.0
Invocations    | 2 4 7 8 9 10 | 10.0

Action                     |  1- 3 |  4- 6 |  7- 9 | 10-12 | 13-15 | 16-18 || total
---------------------------+-------+-------+-------+-------+-------+-------++-------
  Melee: Long sword        |   113 |    98 |   324 |   351 |       |       ||   886
         Headbutt          |    23 |    19 |    73 |   181 |   281 |   261 ||   838
         Scimitar          |       |       |       |   146 |       |       ||   146
         Demon blade       |       |       |       |   248 |   198 |    68 ||   514
         Katana            |       |       |       |       |  1077 |  1011 ||  2088
         Eudemon blade     |       |       |       |       |    65 |       ||    65
 Invoke: Receive Weapon    |       |       |       |       |     1 |       ||     1
         Receive Armour    |       |       |       |       |     1 |       ||     1
         Heroism           |       |       |       |       |     8 |     3 ||    11
         Finesse           |       |       |       |       |     1 |     1 ||     2
         Duel              |       |       |       |       |       |     1 ||     1
  Evoke: Wand              |       |       |     1 |     3 |     6 |     5 ||    15
    Use: Scroll            |       |       |     4 |    11 |    16 |    16 ||    47
         Potion            |       |       |     2 |     3 |    13 |     5 ||    23
   Stab: Invisible         |       |       |     1 |       |     5 |     4 ||    10
         Sleeping          |       |       |       |     1 |     1 |       ||     2
         Distracted        |       |       |       |       |     3 |       ||     3
 Armour: Scale mail        |    20 |       |       |       |       |       ||    20
         Chain mail        |    63 |    49 |       |       |       |       ||   112
         Plate armour      |       |    19 |   270 |   307 |   383 |   838 ||  1817
         Ring mail         |       |       |       |    34 |   396 |       ||   430
  Dodge: Dodged            |    55 |    24 |    84 |   170 |   670 |   636 ||  1639
  Block: Buckler           |    22 |    18 |    83 |   235 |   425 |    36 ||   819
         Reflection        |       |       |       |     9 |       |       ||     9
         Kite shield       |       |       |       |       |       |   520 ||   520
